Map: Blood Boil LE

Players

HeroMarine

  • Race: Terran Terran
  • Spawn Location: 5:00

llllllllllll (Zest) - Winner!

  • Race: Protoss Protoss
  • League: Master
  • Spawn Location: 11:00

Event: HomeStory Cup XV

VOD

Have the link to the VOD?

Description

Time

  • Played on: July 22, 2017, 4:53 p.m.
  • Length: 11:40

All games in this series

Show
View Real Time Build Order
Export as new Build Order

HeroMarine Terran 

Build Orders: MMM Bio 

Get SALT Encoding   

  12  0:00  Unknown, SCV  
  13  0:13  SCV  
  14  0:18  Supply Depot  
  14  0:25  SCV  
  15  0:29  Refinery  
  15  0:39  SCV  
  16  0:46  Barracks  
  16  0:51  SCV  
  17  1:03  SCV  
  18  1:15  SCV  
  19  1:28  SCV  
  20  1:36  Reaper  
  21  1:40  Orbital Command  
  21  1:50  Command Center  
  21  2:01  Factory  
  21  2:07  SCV  
  22  2:11  Barracks Reactor  
  22  2:14  Refinery  
  22  2:19  SCV  
  23  2:23  Supply Depot  
  23  2:45  SCV  
  23  2:48  Marine x2, Starport  
  23  2:50  Widow Mine  
  28  2:57  SCV  
  28  3:02  Orbital Command  
  28  3:06  Marine  
  28  3:07  Marine  
  28  3:09  SCV  
  31  3:19  Widow Mine  
  33  3:21  SCV  
  33  3:26  Viking  
  36  3:27  Marine x2  
  36  3:29  SCV  
  36  3:33  SCV  
  40  3:41  SCV  
  40  3:45  SCV, Barracks  
  40  3:47  Supply Depot  
  42  3:49  Marine x2  
  42  3:54  SCV  
  45  3:57  SCV  
  45  4:00  Barracks  
  46  4:09  SCV x2  
  48  4:10  Supply Depot  
  48  4:12  Engineering Bay  
  48  4:14  Marine x2  
  50  4:17  Factory Tech Lab  
  50  4:18  Starport Tech Lab  
  50  4:21  SCV  
  50  4:22  SCV  
  52  4:32  Marine x2  
  52  4:33  SCV  
  52  4:34  SCV  
  56  4:41  Factory Reactor  
  56  4:42  Stimpack  
  56  4:44  Supply Depot  
  56  4:45  SCV, Terran Infantry Weapons Level 1  
  57  4:46  SCV  
  57  4:47  Starport Reactor  
  57  4:48  Supply Depot  
  58  4:56  Marine x2  
  58  4:57  Marine x2  
  58  4:59  Combat Shields  
  62  5:05  SCV x2  
  62  5:07  Supply Depot  
  64  5:09  Refinery  
  64  5:11  Supply Depot  
  64  5:15  Marine x2, Supply Depot  
  64  5:17  Marine x2, SCV x2  
  70  5:23  Medivac x2  
  74  5:33  Marine x2, Widow Mine x2  
  74  5:35  Marine x2  
  81  5:38  Supply Depot  
  81  5:41  SCV  
  81  5:42  SCV  
  83  5:51  Marine x2  
  83  5:52  Marine  
  83  5:55  Missile Turret  
  83  5:56  Missile Turret  
  86  5:58  Medivac x2  
  86  6:00  Marine  
  91  6:06  Widow Mine x2  
  91  6:09  Marine x2  
  97  6:17  Command Center  
  97  6:19  Marine  
  97  6:20  Marine  
  99  6:28  Marine, Medivac x2  
  99  6:29  Supply Depot  
  104  6:33  Marine  
  104  6:34  Supply Depot  
  104  6:37  SCV x2  
  107  6:42  Marine x2  
  109  6:48  Marine  
  109  6:51  SCV x2, Marine  
  111  7:05  SCV x2  
  111  7:08  Marine x2, Widow Mine x2  
  114  7:09  Medivac x2  
  114  7:13  Marine x2  
  117  7:17  SCV x2  
  117  7:23  Barracks  
  117  7:25  Barracks  
  117  7:29  SCV x2  
  119  7:30  Marine x2  
  119  7:31  Marine x2  
  119  7:32  Terran Infantry Armor Level 1  
  123  7:40  Orbital Command  
  123  7:41  SCV x2  
  125  7:48  Marine x2  
  125  7:49  Marine x2  
  109  7:53  SCV x2  
  109  7:56  Widow Mine x2  
  109  7:57  Medivac  
  106  8:00  Medivac  
  106  8:05  SCV x2  
  108  8:06  Marine x3  
  108  8:07  Marine  
  108  8:10  Marine  
  98  8:13  SCV  
  98  8:15  Marine  
  98  8:17  SCV x2  
  83  8:24  Marine x4  
  83  8:25  SCV  
  74  8:28  Marine  
  74  8:29  SCV  
  74  8:30  SCV  
  74  8:33  Marine  
  72  8:35  Medivac x2  
  72  8:37  SCV, Widow Mine  
  72  8:38  Widow Mine  
  81  8:41  SCV  
  81  8:42  Marine x4, SCV  
  88  8:49  SCV  
  88  8:53  Barracks Reactor  
  88  8:54  SCV x2, Barracks Tech Lab  
  90  8:57  Armory  
  90  8:58  Engineering Bay  
  90  8:59  Marine x2  
  90  9:00  Marine x2  
  90  9:01  SCV  
  95  9:05  Refinery  
  95  9:06  SCV x2, Refinery  
  95  9:09  Widow Mine x2  
  97  9:12  Missile Turret  
  97  9:14  SCV  
  97  9:16  Marauder  
  104  9:17  Marine x2  
  104  9:18  SCV x2  
  104  9:19  Concussive Shells  
  104  9:20  Marauder  
  104  9:24  Marine  
  110  9:26  SCV  
  110  9:29  Supply Depot x2  
  110  9:30  SCV x2  
  114  9:36  Marauder, Marine x2  
  114  9:37  Marauder, Marine  
  114  9:38  SCV  
  122  9:41  Marine  
  122  9:42  SCV  
  124  9:52  Supply Depot x2  
  124  9:58  Starport  
  124  9:59  Marine x2  
  125  10:02  Marauder x3, Marine  
  132  10:11  Sensor Tower  
  132  10:12  Marine  
  132  10:14  Command Center  
  132  10:16  Marine  
  132  10:17  Marine  
  132  10:20  Marine  
  135  10:22  Medivac  
  135  10:23  Marine  
  135  10:24  Marauder x2  
  135  10:27  Medivac  
  144  10:30  Marine  
  144  10:34  Marine x2  
  147  10:39  Marine, Barracks x2  
  147  10:40  Barracks  
  147  10:41  Marine  
  145  10:53  Marauder  
  145  10:54  Marine  
  145  10:55  Marine x2  
  121  10:57  Marauder  
  121  11:01  Marine  
  121  11:02  Marauder  
  126  11:12  Marine x2  
  126  11:13  Marine  
  126  11:14  Marauder  
  123  11:19  Marauder, Marine  
  123  11:23  SCV x2  
Show
View Real Time Build Order
Export as new Build Order

llllllllllll Protoss - Winner!

Build Orders: 1 Gate Expand, Oracle Opening, Phoenix Opening 

Get SALT Encoding   

  12  0:00  Probe (Chrono Boost), Unknown  
  13  0:11  Probe (Chrono Boost)  
  14  0:17  Pylon  
  14  0:22  Probe (Chrono Boost)  
  15  0:36  Probe (Chrono Boost)  
  15  0:39  Gateway  
  16  0:46  Probe (Chrono Boost)  
  16  0:48  Assimilator  
  18  0:57  Probe (Chrono Boost)  
  18  1:07  Probe (Chrono Boost)  
  19  1:22  Nexus  
  19  1:26  Probe (Chrono Boost)  
  20  1:36  Cybernetics Core  
  20  1:39  Probe (Chrono Boost)  
  21  1:44  Assimilator  
  21  1:49  Probe (Chrono Boost)  
  22  1:54  Pylon  
  22  2:00  Probe (Chrono Boost)  
  23  2:12  Probe, Adept (Chrono Boost)  
  26  2:24  Probe, Stargate  
  27  2:32  Warp Gate  
  27  2:34  Probe (Chrono Boost)  
  27  2:36  Probe (Chrono Boost)  
  29  2:37  Adept (Chrono Boost)  
  31  2:45  Probe (Chrono Boost)  
  32  2:53  Probe (Chrono Boost)  
  32  2:57  Probe (Chrono Boost)  
  34  3:04  Probe (Chrono Boost)  
  35  3:07  Probe (Chrono Boost), Oracle (Chrono Boost)  
  39  3:15  Probe  
  39  3:18  Probe  
  41  3:22  Gateway  
  41  3:25  Pylon  
  41  3:27  Probe  
  41  3:28  Probe  
  43  3:39  Probe, Phoenix (Chrono Boost)  
  46  3:41  Probe  
  47  3:51  Probe  
  47  3:52  Pylon, Probe  
  49  4:00  Nexus  
  49  4:01  Phoenix (Chrono Boost)  
  51  4:04  Pylon  
  51  4:05  Probe  
  51  4:06  Probe  
  53  4:17  Mothership Core  
  53  4:21  Assimilator  
  53  4:22  Phoenix (Chrono Boost)  
  57  4:27  Probe  
  57  4:29  Pylon  
  58  4:37  Probe  
  58  4:38  Twilight Council  
  58  4:40  Forge  
  58  4:41  Probe  
  60  4:47  Probe  
  60  4:52  Phoenix (Chrono Boost)  
  63  4:53  Probe  
  64  5:02  Charge  
  64  5:05  Protoss Ground Armor Level 1 (Chrono Boost), Gateway  
  64  5:06  Gateway  
  64  5:09  Gateway  
  64  5:11  Gateway  
  64  5:12  Gateway  
  66  5:19  Gateway  
  64  5:22  Probe  
  64  5:23  Probe x2  
  64  5:25  Adept  
  69  5:34  Phoenix (Chrono Boost)  
  71  5:37  Probe x3  
  71  5:39  Assimilator  
  71  5:40  Pylon  
  74  5:45  Pylon  
  74  5:48  Sentry  
  74  5:49  Probe x2  
  78  5:50  Pylon  
  78  5:58  Phoenix (Chrono Boost)  
  78  6:03  Pylon  
  80  6:06  Probe x2  
  80  6:10  Zealot, Sentry, Assimilator  
  80  6:11  Zealot x2, Pylon  
  90  6:21  Probe  
  90  6:23  Phoenix (Chrono Boost)  
  90  6:24  Zealot x3, Pylon  
  99  6:27  Probe x2  
  99  6:30  Pylon  
  101  6:35  Photon Cannon  
  101  6:39  Zealot x2  
  105  6:43  Zealot  
  105  6:44  Zealot  
  111  6:47  Phoenix (Chrono Boost)  
  111  6:48  Sentry  
  111  6:53  Zealot x2  
  117  6:58  Protoss Ground Armor Level 2  
  115  7:08  Zealot x2  
  115  7:09  Zealot x2  
  123  7:21  Zealot x2, Pylon  
  123  7:22  Zealot x2  
  131  7:28  Robotics Facility  
  131  7:31  Probe x2  
  131  7:32  Zealot x2, Probe  
  138  7:40  Templar Archives  
  138  7:43  Probe  
  138  7:44  Probe, Pylon  
  140  7:48  Probe  
  131  7:55  Probe  
  131  7:57  Zealot x4  
  140  8:00  Probe  
  140  8:02  Probe  
  109  8:20  Zealot  
  109  8:21  Zealot x6  
  109  8:34  Psionic Storm  
  109  8:36  Zealot, Warp Prism (Chrono Boost)  
  113  8:42  High Templar x2  
  113  8:43  High Templar  
  113  8:44  High Templar  
  113  8:46  Pylon  
  113  8:48  Blink (Chrono Boost)  
  121  8:50  Nexus  
  119  8:56  Photon Cannon  
  119  8:57  Sentry  
  119  9:01  Stalker x3  
  127  9:05  Protoss Ground Weapons Level 1 (Chrono Boost)  
  127  9:12  Photon Cannon  
  127  9:15  Assimilator  
  131  9:19  Assimilator  
  131  9:29  Probe x3  
  134  9:33  Forge  
  134  9:34  Pylon  
  134  9:36  Observer (Chrono Boost)  
  131  9:40  Stalker x3  
  131  9:41  Stalker x4  
  131  9:44  Stalker  
  147  10:00  Pylon  
  147  10:08  High Templar  
  147  10:09  Zealot x6, High Templar  
  147  10:14  Immortal (Chrono Boost)  
  167  10:27  Pylon  
  165  10:34  Stalker x3  
  165  10:35  Zealot, Stalker x2  
  176  10:37  Nexus  
  176  10:42  Pylon  
  176  10:45  Archon  
  145  11:03  Photon Cannon  
  145  11:06  Probe x4  
  149  11:17  Zealot x8  
  159  11:25  Archon x2  
Tags
 
Add a new tag
Caveats
  • Supply blocks, unpowered buildings, or Contaminate may cause inaccurate times.
  • Supply counts are checked every 10 seconds.